 Dungeon Crawl Stone Soup version 0.28-a0-1174-g766a6a42ef (webtiles) character file.

Game seed: 15163494448144259489

23965 kae the Severer (level 13, -3/113 HPs)
             Began as a Hill Orc Fighter on Dec 16, 2021.
             Was a Priest of Qazlal.
             Slain by a basilisk (10 damage)
             ... on level 2 of the Lair of Beasts.
             The game lasted 00:11:03 (18907 turns).

kae the Severer (Hill Orc Fighter)                 Turns: 18907, Time: 00:11:04

Health: -3/113     AC: 11    Str: 24    XL:     13   Next: 10%
Magic:  23/23      EV:  9    Int:  8    God:    Qazlal [***...]
Gold:   2707       SH:  9    Dex: 10    Spells: 12/12 levels left

rFire   . . .      SeeInvis .   a - +5 battleaxe (flame)
rCold   . . .      Faith    .   (shield currently unavailable)
rNeg    . . .      Spirit   .   y - +0 scale mail
rPois   .          Reflect  +   q - +1 hat
rElec   .          Harm     .   (no cloak)
rCorr   .          Rampage  .   (no gloves)
Will    .....                   o - +2 pair of boots
Stlth   ..........              d - amulet of reflection
HPRegen 0.28/turn               (no ring)
MPRegen 0.18/turn               (no ring)

@: lethally poisoned (-3 -> -9)
A: no striking features
a: Renounce Religion, Upheaval, Elemental Force


You were on level 2 of the Lair of Beasts.
You worshipped Qazlal.
Qazlal was most pleased with you.
You visited 3 branches of the dungeon, and saw 15 of its levels.
You also visited: Sewer.

You collected 2803 gold pieces.
You spent 96 gold pieces at shops.

Inventory:

Hand Weapons
 a - a +5 battleaxe of flaming (weapon)
 b - a +4 battleaxe
 n - a +0 hand axe of electrocution
 p - a +0 battleaxe
 B - a +0 war axe
Armour
 c - a +0 buckler
 o - a +2 pair of boots (worn)
 q - a +1 hat (worn)
 y - a +0 scale mail (worn)
Jewellery
 d - an amulet of reflection (around neck)
 k - an amulet of the acrobat
 u - a +6 ring of strength
 A - an amulet of guardian spirit
 F - an amulet of faith
Wands
 i - a wand of flame (49)
 r - a wand of iceblast (17)
 C - a wand of charming (3)
 E - a wand of mindburst (10)
Scrolls
 s - 3 scrolls of teleportation
 t - 3 scrolls of fear
 v - 2 scrolls of magic mapping
 w - 2 scrolls of identify
 z - 2 scrolls of amnesia
 I - a scroll of summoning
Potions
 e - 3 potions of brilliance
 f - a potion of mutation
 g - a potion of cancellation
 h - 5 potions of heal wounds
 j - 5 potions of curing
 l - 5 potions of flight
 m - 4 potions of degeneration
 x - 2 potions of might
 D - 2 potions of ambrosia
 G - a potion of lignification
 H - a potion of resistance {unknown}


   Skills:
 - Level 10.0 Fighting
 - Level 20.0 Axes
 - Level 3.2 Armour
 - Level 4.0 Shields
 - Level 13.4 Invocations
 + Level 7.3 Evocations


You had 12 spell levels left.
You didn't know any spells.
Your spell library contained the following spells:

 Spells                   Type           Power      Damage    Failure   Level
 Summon Small Mammal      Summ           0%         N/A       71%         1
 Static Discharge         Conj/Air       0%         N/A       85%         2
 Call Canine Familiar     Summ           0%         N/A       97%         3
 Gell's Gravitas          Tloc           0%         N/A       97%         3
 Inner Flame              Hex/Fire       0%         N/A       97%         3
 Lesser Beckoning         Tloc           0%         N/A       97%         3
 Summon Guardian Golem    Hex/Summ       0%         N/A       97%         3
 Teleport Other           Tloc           0%         N/A       97%         3
 Cause Fear               Hex            0%         N/A       100%        4
 Lightning Bolt           Conj/Air       0%         1d11      100%        5
 Discord                  Hex            0%         N/A       100%        8
 Maxwell's Capacitive Co  Air            0%         ∞         100%        8


Dungeon Overview and Level Annotations

Branches:
Dungeon (12/15)            Temple (1/1) D:7            Lair (2/6) D:10
    Orc (0/2) D:9           Sewer (visited)
  Swamp: Lair:2-4    Shoals: Lair:2-4     Snake: Lair:2-4    Spider: Lair:2-4

Altars:
Ashenzari
Cheibriados
Dithmenos
Elyvilon
Fedhas
Gozag
Hepliaklqana
Kikubaaqudgha
Makhleb
Nemelex Xobeh
Okawaru
Qazlal
Ru
Sif Muna
Trog
Uskayaw
Vehumet
Wu Jian
Xom
Yredelemnul
Zin
The Shining One

Shops:
D:3 !   D:8 **

Annotations:
D:2 1 runed translucent door, Crazy Yiuf
D:10 exclusion: obsidian statue
D:11 2 transporters, ThreePoint314's ghost, journeyman DDFi


Message History

You kill the cane toad!
Qazlal accepts your kill.
You feel very sick.
You feel extremely sick. The basilisk gazes at you.
You easily resist.
You feel very sick.
You feel very sick. The basilisk gazes at you.
You are slowing down.
Unknown command.
Unknown command.
You feel very sick.
A komodo dragon comes into view.
Your limbs are stiffening.
You closely miss the basilisk.
You feel very sick. The basilisk gazes at you.
You easily resist.
You have turned to stone.
The basilisk bites you but does no damage.
The basilisk bites you! The basilisk bites you. x3
The komodo dragon bites you!!
* * * LOW HITPOINT WARNING * * *
The basilisk bites you!
* * * LOW HITPOINT WARNING * * *
The komodo dragon bites you but does no damage.
The basilisk bites you but does no damage.
The komodo dragon bites you but does no damage.
The basilisk bites you!
* * * LOW HITPOINT WARNING * * *
The komodo dragon bites you!!
* * * LOW HITPOINT WARNING * * *
You turn to flesh and can move again.
You hit the basilisk. You burn the basilisk.
The basilisk is lightly wounded.
You slash the komodo dragon! You burn the komodo dragon.
* * * LOW HITPOINT WARNING * * *
You feel sick. The basilisk bites you!
You die...

###...........
............##
#...........P#
##...........##
#.............. ##
##...†.!......#
#.##.............#
#####................
###P#....#.....@......#
##P....######..°ll.....#
......^# #...........
.###.### ##.......### ##
### #P...#### # ###P..
#.... #....


You could see a komodo dragon and a basilisk.

Vanquished Creatures
  Nessos (D:12)
  Snorg (D:11)
  A catoblepas (D:11)
  2 hydras
  Erica (D:11)
  Nergalle (D:11)
  A skeletal warrior (D:7)
  A deep elf pyromancer (D:12)
  A manticore (D:9)
  12 slime creatures (D:12)
  A cyclops (D:11)
  Maurice (D:9)
  3 cane toads
  2 gargoyles
  A komodo dragon (D:12)
  Psyche (D:8)
  A kobold demonologist (D:10)
  3 trolls
  A yak (shapeshifter) (D:11)
  4 shadows
  6 wraiths
  20 yaks
  10 vampire mosquitoes
  A basilisk (Lair:2)
  An acid dragon (D:12)
  4 water moccasins
  6 orc warriors
  A hornet zombie (D:7)
  2 sky beasts
  A black bear (D:4)
  An ice beast (D:6)
  5 wolves (D:9)
  2 centaurs
  An ogre (D:5)
  9 bullfrogs
  4 kobold brigands
  A wyvern zombie (D:9)
  A scorpion (D:4)
  2 gnoll sergeants (D:8)
  2 wyvern skeletons
  6 wights
  7 howler monkeys
  3 electric eels (D:10)
  A bullfrog zombie (D:5)
  6 centaur zombies
  3 jellies
  8 orc priests
  A centaur skeleton (D:7)
  6 hounds
  A bullfrog skeleton (D:4)
  2 iguanas (D:7)
  9 orc wizards
  Terence (D:2)
  4 hound skeletons
  8 gnolls (D:8)
  8 adders
  2 river rats (Sewer)
  A shadow imp (D:5)
  2 white imps
  2 ufetubi
  2 worms (D:3)
  A dart slug (D:4)
  41 orcs
  6 endoplasms
  6 giant cockroaches
  3 goblins
  5 hobgoblins
  4 jackals
  4 quokkas
  10 ball pythons
  6 bats
  2 frilled lizards
  25 kobolds
  7 rats
323 creatures vanquished.

Vanquished Creatures (others)
  A kobold (D:9)
  A fungus (Lair:2)
  2 plants (Lair:2)
4 creatures vanquished.

Grand Total: 327 creatures vanquished

Notes
Turn   | Place    | Note
-------+----------+-------------------------------------------
     0 | D:1      | kae the Hill Orc Fighter began the quest for the Orb.
     0 | D:1      | Reached XP level 1. HP: 19/19 MP: 1/1
   205 | D:1      | Reached skill level 3 in Axes
   505 | D:1      | Reached XP level 2. HP: 26/26 MP: 2/2
   519 | D:1      | Found a faded altar of an unknown god.
   652 | D:1      | Reached skill level 4 in Axes
  1018 | D:2      | Reached XP level 3. HP: 31/31 MP: 3/3
  1224 | D:2      | Reached skill level 5 in Axes
  1224 | D:2      | HP: 1/31 [poisoned by an adder]
  1598 | D:2      | Noticed Terence
  1606 | D:2      | Killed Terence
  1607 | D:2      | Reached XP level 4. HP: 37/39 MP: 4/4
  1889 | D:2      | Found a runed translucent door.
  1890 | D:2      | Noticed Crazy Yiuf
  1944 | D:3      | Found Ritwepux's Distillery.
  1947 | D:3      | Bought a potion of heal wounds for 60 gold pieces
  1947 | D:3      | Bought a potion of curing for 36 gold pieces
  2182 | D:3      | Reached skill level 6 in Axes
  2204 | D:3      | Reached XP level 5. HP: 31/45 MP: 5/5
  2413 | D:3      | Found a glowing drain.
  2422 | Sewer    | Entered a sewer
  2642 | Sewer    | Noticed a kobold brigand
  2665 | Sewer    | Killed a kobold brigand
  2666 | Sewer    | Reached skill level 7 in Axes
  2721 | Sewer    | Found a white marble altar of Elyvilon.
  2870 | D:3      | Reached XP level 6. HP: 51/51 MP: 6/6
  3015 | D:3      | Identified a scroll of acquirement
  3015 | D:3      | Acquired 674 gold pieces
  3479 | D:4      | Reached skill level 8 in Axes
  3678 | D:4      | Noticed a black bear
  3692 | D:4      | Killed a black bear
  3693 | D:4      | Reached skill level 9 in Axes
  3695 | D:4      | Reached XP level 7. HP: 48/57 MP: 7/7
  3898 | D:4      | Reached skill level 10 in Axes
  4589 | D:5      | Entered Level 5 of the Dungeon
  4607 | D:5      | Found a shadowy altar of Dithmenos.
  4703 | D:5      | Reached skill level 11 in Axes
  4727 | D:5      | Reached XP level 8. HP: 55/64 MP: 8/8
  5280 | D:5      | Reached skill level 12 in Axes
  6102 | D:6      | Reached skill level 13 in Axes
  6542 | D:6      | Reached skill level 14 in Axes
  6594 | D:6      | Reached XP level 9. HP: 69/70 MP: 9/9
  7205 | D:7      | Reached skill level 15 in Axes
  7339 | D:7      | Found a staircase to the Ecumenical Temple.
  7746 | D:7      | Reached skill level 16 in Axes
  7751 | D:7      | Found the +5 scythe "Finisher" {speed, eviscerate}
  7756 | D:7      | Reached skill level 5 in Fighting
  7827 | D:7      | Noticed a skeletal warrior
  8471 | D:8      | Found Fahamej's Specific Store.
  8474 | D:8      | Found Geerer's General Store.
  8648 | D:8      | Reached XP level 10. HP: 74/86 MP: 10/10
  9175 | D:8      | Noticed Psyche
  9180 | D:8      | Killed Psyche
  9651 | Temple   | Entered the Ecumenical Temple
  9802 | Temple   | Became a worshipper of Qazlal Stormbringer
  9827 | D:7      | Killed a skeletal warrior
 10123 | D:9      | Noticed a manticore
 10131 | D:9      | Killed a manticore
 10132 | D:9      | Reached skill level 10 in Fighting
 10153 | D:8      | Reached skill level 17 in Axes
 10790 | D:9      | Noticed Maurice
 10797 | D:9      | Killed Maurice
 10869 | D:9      | Reached skill level 18 in Axes
 10869 | D:9      | Reached XP level 11. HP: 99/99 MP: 11/11
 10879 | D:9      | Found a staircase to the Orcish Mines.
 11152 | D:9      | Reached * piety under Qazlal
 11197 | D:10     | Entered Level 10 of the Dungeon
 11198 | D:10     | Noticed an obsidian statue
 11945 | D:9      | Reached skill level 19 in Axes
 12556 | D:10     | Found a sacrificial altar of Ru.
 12557 | D:10     | Found a basalt altar of Yredelemnul.
 12771 | D:10     | Found a staircase to the Lair.
 12931 | D:10     | Found a shimmering blue altar of Sif Muna.
 12975 | D:10     | Identified the +11 dagger of Babyrgh {vamp, rPois rF+
                  | Str-3}
 13737 | D:10     | Acquired a +5 battleaxe of flaming
 13786 | D:11     | Noticed a catoblepas
 13795 | D:11     | Killed a catoblepas
 13796 | D:11     | Reached skill level 20 in Axes
 13801 | D:11     | Reached skill level 1 in Invocations
 13946 | D:11     | Noticed a six-headed hydra
 13950 | D:11     | Killed a four-headed hydra
 13981 | D:11     | Noticed ThreePoint314's ghost (journeyman DDFi)
 13992 | D:11     | Found a transporter.
 14009 | D:11     | Reached skill level 5 in Invocations
 14098 | D:11     | Reached ** piety under Qazlal
 14266 | D:11     | Found a transporter.
 14430 | D:11     | Noticed Erica
 14440 | D:11     | Killed Erica
 14513 | D:11     | Noticed Nergalle
 14519 | D:11     | Killed Nergalle
 14520 | D:11     | Reached XP level 12. HP: 106/106 MP: 16/18
 14826 | D:11     | Reached skill level 10 in Invocations
 15056 | D:11     | Noticed Snorg
 15060 | D:11     | Killed Snorg
 16332 | D:12     | Noticed Nessos
 16340 | D:12     | Killed Nessos
 16425 | D:12     | Reached skill level 1 in Evocations
 16427 | D:12     | Reached *** piety under Qazlal
 17065 | Lair:1   | Entered Level 1 of the Lair of Beasts
 17204 | Lair:1   | Reached skill level 5 in Evocations
 17434 | Lair:1   | Reached XP level 13. HP: 79/113 MP: 23/23
 18498 | Lair:1   | Acquired 1088 gold pieces
 18907 | Lair:2   | Slain by a basilisk

Illustrated notes

Levels and vault maps discovered:
D:1:      giann_wishing_wells, layout_basic, basic_ecumenical_altar
D:2:      layout_loops_corners, corexii_item_surrounded_by_moat,
          hangedman_feature_mirror, uniq_terence, uniq_crazy_yiuf_cottage
D:3:      layout_loops_cross, portal_sewer_entry_d, serial_shops, shop,
          minmay_between
D:4:      layout_basic, kennysheep_generic_room_4
D:5:      layout_basic, grunt_dithmenos_smoke, minmay_misc_feat_enclosed,
          st_stairs_10
D:6:      layout_basic, corexii_leaking_fountain, kennysheep_nondescript
D:7:      layout_basic, minmay_temple_entry_statues_fountains,
          kennysheep_cross_room, minmay_guarded_unrand_finisher
D:8:      layout_cave_pods, hangedman_abyss_or_decor_stabs,
          nicolae_specific_store, nicolae_zen_rock_garden,
          chequers_decorated_corner, minmay_small_thing, uniq_psyche
D:9:      layout_basic, orc_0_dummy, uniq_maurice
D:10:     layout_rooms, amcnicky_altar_gilded, mainiacjoe_overflow_divided_tiny,
          erik_lair_island, minmay_protected_statue
D:11:     layout_basic, gammafunk_ghost_stat_death, item_on_display_a,
          uniq_snorg, uniq_nergalle, uniq_erica
D:12:     layout_stronghold, uniq_nessos
Temple:   mainiacjoe_temple_coin_purse
Lair:1:   layout_layer_cave
Lair:2:   layout_cave_pods

Skill      XL: |  1  2  3  4  5  6  7  8  9 10 11 12 13 |
---------------+----------------------------------------+-----
Axes           | 3 4 5 6 7 9 11 14 16 18 20 | 20.0
Shields        | 4 |  4.0
Fighting       | 7 10 | 10.0
Invocations    | 8 13 | 13.4
Evocations     | 6 7 |  7.3
Armour         | |  3.2

Action                   |  1- 3 |  4- 6 |  7- 9 | 10-12 | 13-15 || total
-------------------------+-------+-------+-------+-------+-------++-------
Melee: War axe           |   118 |    93 |       |       |       ||   211
       Hand axe          |       |    43 |   359 |    56 |       ||   458
       Battleaxe         |       |       |       |   407 |    25 ||   432
Evoke: Wand              |       |       |       |     9 |       ||     9
  Use: Scroll            |     2 |     3 |     6 |     9 |     2 ||    22
       Potion            |     1 |     1 |       |     2 |       ||     4
 Stab: Distracted        |       |       |       |     1 |       ||     1
Armor: Scale mail        |    58 |    53 |    85 |   134 |     8 ||   338
Dodge: Dodged            |    48 |    70 |    76 |   124 |     2 ||   320
Block: Buckler           |    26 |    30 |    90 |    12 |       ||   158
       Reflection        |       |       |     2 |     7 |       ||     9
       Other             |       |       |       |   101 |    10 ||   111

Table legend: (Time is in decaauts)
 A = Elapsed time spent in this place.
 B = Non-inter-level travel time spent in this place.
 C = Inter-level travel time spent in this place.
 D = Time resting spent in this place.
 E = Time spent auto-exploring this place.
 F = Levels seen in this place.
 G = Mean time per level.
                   A        B        C        D        E       F      G
               +--------+--------+--------+--------+--------+-----+--------+
         Total |  18780 |  18242 |    538 |   2255 |  13809 |  16 | 1173.8 |
       Dungeon |  16415 |  15946 |    469 |   2255 |  11696 |  12 | 1367.9 |
        Temple |    166 |    137 |     29 |      0 |    117 |   1 |  166.0 |
          Lair |   1827 |   1787 |     40 |      0 |   1686 |   2 |  913.5 |
         Sewer |    370 |    370 |      0 |      0 |    309 |   1 |  370.0 |
               +--------+--------+--------+--------+--------+-----+--------+

Top non-repeatable levels by time:
    D:12: 1851 daAuts
    D:10: 1789 daAuts
     D:7: 1641 daAuts
     D:9: 1546 daAuts
  Lair:1: 1465 daAuts
     D:8: 1444 daAuts
    D:11: 1406 daAuts
     D:6: 1315 daAuts
     D:4: 1255 daAuts
     D:5: 1131 daAuts
     D:2: 1101 daAuts
     D:3: 1065 daAuts
     D:1: 865 daAuts
   Sewer: 370 daAuts
  Lair:2: 362 daAuts
